 Dungeon Crawl Stone Soup version 0.29.1-2-gbd0b4ee654 (webtiles) character file.

Game seed: 7742045215427005268

1711 NinjaNoafa the Basher (level 8, 0/64 HPs)
             Began as a Minotaur Fighter on Nov 17, 2022.
             Was a High Priest of Uskayaw.
             Slain by a hornet (10 damage)
             ... while paralysed by a hornet
             ... on level 7 of the Dungeon.
             The game lasted 00:07:26 (5881 turns).

NinjaNoafa the Basher (Minotaur Fighter)            Turns: 5881, Time: 00:07:27

Health: 0/64       AC: 10    Str: 23    XL:     8   Next: 74%
Magic:  0/7        EV:  2    Int:  5    God:    Uskayaw [*****.]
Gold:   268        SH:  0    Dex: 10    Spells: 7/7 levels left

rFire   + . .      SeeInvis .   a - +0 flail
rCold   . . .      Faith    .   B - +0 kite shield
rNeg    . . .      Spirit   +   n - +0 chain mail
rPois   .          Reflect  .   (helmet restricted)
rElec   .          Harm     .   u - +0 cloak
rCorr   .          Rampage  .   (no gloves)
Will    .....                   (no boots)
Stlth   ..........              x - amulet of guardian spirit
HPRegen 0.20/turn               g - ring of protection from fire
MPRegen 0.10/turn               (no ring)

@: paralysed, mighty, lethally poisoned (0 -> -6)
A: horns 2, retaliatory headbutt
a: Renounce Religion, Stomp, Line Pass, Grand Finale


You were on level 7 of the Dungeon.
You worshipped Uskayaw.
Uskayaw was noncommittal.
You visited 2 branches of the dungeon, and saw 8 of its levels.

You collected 268 gold pieces.

Inventory:

Hand Weapons
 a - a +0 flail (weapon)
Missiles
 h - 57 stones (quivered)
 r - 13 poisoned darts
Armour
 n - a +0 chain mail (worn)
 u - a +0 cloak (worn)
 B - a +0 kite shield (worn)
Jewellery
 g - a ring of protection from fire (left hand)
 x - an amulet of guardian spirit (around neck)
Wands
 y - a wand of polymorph (8)
Scrolls
 b - a scroll of magic mapping {unknown}
 c - a scroll of noise {unknown}
 d - 2 scrolls of enchant armour {unknown}
 e - 5 scrolls of identify {unknown}
 f - 2 scrolls of butterflies {unknown}
 i - a scroll of fear {unknown}
 j - a scroll of poison {unknown}
 k - 2 scrolls of teleportation {unknown}
 m - 2 scrolls of immolation {unknown}
 o - a scroll of blinking {unknown}
 p - 2 scrolls of enchant weapon {unknown}
 t - 4 scrolls of vulnerability {unknown}
 v - 3 scrolls of amnesia {unknown}
 C - a scroll of silence {unknown}
Potions
 l - 3 potions of curing {unknown}
 q - 2 potions of flight {unknown}
 s - 4 potions of heal wounds {unknown}
 w - a potion of attraction {unknown}
 z - a potion of haste {unknown}
 D - a potion of degeneration {unknown}


   Skills:
 - Level 3.6 Fighting
 + Level 13.4 Maces & Flails
 - Level 3.6 Armour
 - Level 3.6 Shields


You had 7 spell levels left.
You didn't know any spells.
Your spell library was empty.

Dungeon Overview and Level Annotations

Branches:
Dungeon (7/15)             Temple (1/1) D:5

Altars:
Ashenzari
Cheibriados
Dithmenos
Elyvilon
Fedhas
Hepliaklqana
Nemelex Xobeh
Okawaru
Qazlal
Ru
Sif Muna
Trog
Uskayaw
Vehumet
Wu Jian
Xom
Yredelemnul
The Shining One


Innate Abilities, Weirdness & Mutations

You have a pair of horns on your head.
You reflexively headbutt those who attack you in melee.


Message History

You hear a shout!
Uskayaw links your audience in an emotional bond!
You hit the hound.
The hound is almost dead.
The hound bites you but does no damage.
You can now merge with and destroy a victim.
Uskayaw prepares the audience for your solo!
The helpless hound fails to defend itself.
You bludgeon the hound!!
You kill the hound!
The howler monkey is no longer paralysed.
You hit the howler monkey but do no damage.
The howler monkey is heavily wounded.
The howler monkey is no longer sharing its pain.
A hornet comes into view.
You block the howler monkey's attack.
The howler monkey hoots and howls with incredible vigour!
You hear a shout! x2
You hit the howler monkey.
The howler monkey is heavily wounded.
You block the howler monkey's attack.
You feel very mighty all of a sudden. The howler monkey closely misses you.
You closely miss the howler monkey. You headbutt the howler monkey!
You kill the howler monkey!
The hornet stings you but does no damage.
You hit the hornet. You headbutt the hornet!
The hornet is heavily wounded.
The hornet stings you!
* * * LOW HITPOINT WARNING * * *
You are poisoned.
You feel yourself slow down.
You sock the hornet!
The hornet is severely wounded.
You feel yourself speed up.
You feel very sick. The hornet stings you.
* * * LOW HITPOINT WARNING * * *
You suddenly lose the ability to move!
The hornet stings you!
You die...

#.###### #.# #.# .......# #.#
#.# # #.####.# #.# #)#.# ###
#.# #.# #.#.# #.##########.#
#.#.# #........)...#
#h..###.#
#####################).......
..... ........####..)####.
..... ........@y)).).......
##### #######.####...######
#.# ##.## #.# #.# #.. ..# ###
###


You could see a hornet.

Vanquished Creatures
  Duvessa (D:6)
  Pargi (D:3)
  A black bear (D:3)
  A sky beast (D:7)
  2 ice beasts
  A centaur (D:5)
  3 phantoms
  3 scorpions
  Dowan (D:6)
  2 howler monkeys (D:7)
  3 hounds
  A jelly (D:6)
  An orc priest (D:7)
  A gnoll bouda (D:5)
  Terence (D:3)
  Natasha (thrice) (D:4)
  2 iguanas (D:5)
  An orc wizard (D:7)
  Robin (D:3)
  3 gnolls (D:5)
  3 adders
  An ufetubus (D:4)
  2 worms
  A dart slug (D:4)
  16 orcs
  4 ball pythons
  7 endoplasms (D:1)
  3 giant cockroaches
  9 hobgoblins
  A jackal (D:1)
  2 quokkas (D:1)
  7 bats
  2 frilled lizards
  10 goblins
  11 kobolds
  8 rats
  7 bushes (D:3)
127 creatures vanquished.

Vanquished Creatures (others)
  A fungus (D:3)
  5 plants (D:3)
6 creatures vanquished.

Grand Total: 133 creatures vanquished

Notes
Turn   | Place    | Note
-------+----------+-------------------------------------------
     0 | D:1      | NinjaNoafa the Minotaur Fighter began the quest for the
                  | Orb.
     0 | D:1      | Reached XP level 1. HP: 19/19 MP: 0/0
    45 | D:1      | Reached skill level 3 in Maces & Flails
   103 | D:1      | Reached XP level 2. HP: 10/26 MP: 1/1
   493 | D:1      | Reached skill level 4 in Maces & Flails
   746 | D:1      | Reached XP level 3. HP: 28/31 MP: 2/2
  1500 | D:3      | Noticed Terence
  1502 | D:3      | Noticed Robin
  1508 | D:3      | Killed Terence
  1509 | D:3      | Reached skill level 5 in Maces & Flails
  1509 | D:3      | Reached XP level 4. HP: 20/39 MP: 3/3
  1949 | D:3      | Killed Robin
  2061 | D:3      | Found an ornate altar of the Wu Jian Council.
  2081 | D:3      | Reached skill level 6 in Maces & Flails
  2188 | D:3      | Noticed Pargi
  2195 | D:3      | Killed Pargi
  2196 | D:3      | Reached skill level 7 in Maces & Flails
  2196 | D:3      | Reached XP level 5. HP: 39/45 MP: 4/4
  2414 | D:3      | Noticed a black bear
  2423 | D:3      | Killed a black bear
  2424 | D:3      | Reached skill level 8 in Maces & Flails
  2424 | D:3      | Reached XP level 6. HP: 39/51 MP: 5/5
  2666 | D:3      | Found a faded altar of an unknown god.
  3401 | D:4      | Noticed Natasha
  3412 | D:4      | Killed Natasha
  3491 | D:4      | Noticed Natasha
  3497 | D:4      | Killed Natasha
  3927 | D:4      | Found a white marble altar of Elyvilon.
  3943 | D:4      | Noticed Natasha
  3951 | D:4      | Killed Natasha
  4084 | D:5      | Entered Level 5 of the Dungeon
  4108 | D:4      | Reached skill level 9 in Maces & Flails
  4122 | D:4      | Reached XP level 7. HP: 25/57 MP: 2/6
  4350 | D:5      | Found a staircase to the Ecumenical Temple.
  4408 | Temple   | Entered the Ecumenical Temple
  4550 | Temple   | Became a worshipper of Uskayaw the Reveller
  4597 | D:5      | Reached * piety under Uskayaw
  4607 | D:5      | Reached ** piety under Uskayaw
  4614 | D:5      | Reached *** piety under Uskayaw
  4620 | D:5      | Reached **** piety under Uskayaw
  4621 | D:5      | Reached skill level 10 in Maces & Flails
  4757 | D:5      | Found a radiant altar of Vehumet.
  4833 | D:5      | Found an iron altar of Okawaru.
  5111 | D:6      | Noticed Dowan
  5112 | D:6      | Noticed Duvessa
  5127 | D:6      | Killed Duvessa
  5128 | D:6      | Reached skill level 11 in Maces & Flails
  5129 | D:6      | Killed Dowan
  5130 | D:6      | Reached XP level 8. HP: 55/64 MP: 4/7
  5221 | D:6      | Reached skill level 12 in Maces & Flails
  5872 | D:7      | Reached skill level 13 in Maces & Flails
  5874 | D:7      | Reached ***** piety under Uskayaw
  5876 | D:7      | Noticed a hornet
  5881 | D:7      | Paralysed by a hornet for 1 turns
  5881 | D:7      | Slain by a hornet

Illustrated notes

Levels and vault maps discovered:
D:1:      minmay_arrival_arboretum_small, layout_loops_ring, minmay_vboxes
D:2:      layout_rooms, st_stairs_8
D:3:      layout_loops_ring, pdpol_wu_jian_five_deadly_venoms,
          dilly_ecumenical_altar_fadedgnrine, eino_curves_01,
          minmay_door_square, dreamdust_mushroom_princess,
          lexackson_kobold_supper, uniq_terence, uniq_pargi, uniq_robin
D:4:      nicolae_BIG_FREAKIN_CUBE, layout_basic, elyvilon_altar_1, uniq_natasha
D:5:      layout_rooms, mainiacjoe_overflow_big_doors,
          minmay_temple_entry_statues_pillars
D:6:      layout_rooms, uniq_duvessa
D:7:      layout_loops_ring, nicolae_kikubaaqudgha_miasma_corner,
          mainiacjoe_overflow_six_doors_small
Temple:   nicolae_temple_two_arcs

Skill      XL: |  1  2  3  4  5  6  7  8 |
---------------+-------------------------+-----
Maces & Flails | 3 4 5 7 8 9 11 13 | 13.4
Fighting       | |  3.6
Armour         | |  3.6
Shields        | |  3.6

Action                   |  1- 3 |  4- 6 |  7- 9 || total
-------------------------+-------+-------+-------++-------
Melee: Flail             |    95 |   339 |   152 ||   586
       Headbutt          |     7 |   108 |    29 ||   144
Invok: Line Pass         |       |       |     1 ||     1
  Use: Potion            |       |     1 |     1 ||     2
 Stab: Paralysed         |       |       |     7 ||     7
Armor: Scale mail        |    37 |       |       ||    37
       Chain mail        |    38 |    57 |    56 ||   151
Dodge: Dodged            |    45 |    38 |    31 ||   114
Block: Buckler           |    30 |    32 |     6 ||    68
       Kite shield       |       |       |    22 ||    22
